 Dungeon Crawl Stone Soup version 0.27-a0-951-gae3e1deef5 (webtiles) character file.

Game seed: 9124215567084176061

10350 polve the Grappler (level 11, 0/94 HPs)
             Began as a Demonspawn Abyssal Knight on Apr 11, 2021.
             Was an Elder of Lugonu.
             Succumbed to a killer bee's poison
             ... on level 1 of the Lair of Beasts.
             The game lasted 00:18:15 (14295 turns).

polve the Grappler (Demonspawn Abyssal Knight)     Turns: 14295, Time: 00:18:16

Health: 0/94       AC: 21    Str: 17    XL:     11   Next: 35%
Magic:  13/18      EV:  7    Int: 13    God:    Lugonu [****..]
Gold:   525        SH:  0    Dex: 12    Spells: 10/10 levels left

rFire    . . .     SeeInvis .     - Unarmed
rCold    . . .     Faith    .   (no shield)
rNeg     . . .     Spirit   .   B - +0 plate armour
rPois    +         Reflect  .   n - +0 helmet
rElec    .         Harm     .   d - +2 cloak
rCorr    .         Rampage  .   (gloves unavailable)
Will     .....                  (no boots)
Stlth    ..........             A - amulet of regeneration
HPRegen  1.25/turn              r - ring of wizardry
MPRegen  0.16/turn              (no ring)

@: lethally poisoned (0 -> -1)
A: claws 3, slimy green scales 3, high mp 1, robust 1
a: Renounce Religion, Depart the Abyss, Bend Space, Banish, Corrupt


You were on level 1 of the Lair of Beasts.
You worshipped Lugonu.
Lugonu was greatly pleased with you.
You visited 2 branches of the dungeon, and saw 10 of its levels.
You visited the Abyss 1 time.

You collected 525 gold pieces.

Inventory:

Hand Weapons
 q - a +0 short sword of speed
Missiles
 p - 7 boomerangs of dispersal
 t - a curare-tipped dart
 w - 7 atropa-tipped darts
Armour
 d - a +2 cloak (worn)
 n - a +0 helmet (worn)
 B - a +0 plate armour (worn)
Jewellery
 h - a ring of fire
 r - a ring of wizardry (left claw)
 A - an amulet of regeneration (around neck)
Wands
 l - a wand of paralysis (9)
 x - a wand of acid (4)
 z - a wand of random effects (17)
Scrolls
 a - a scroll of noise {unknown}
 b - 6 scrolls of identify {unknown}
 e - 5 scrolls of teleportation {unknown}
 f - a scroll of fog {unknown}
 g - 2 scrolls of magic mapping {unknown}
 i - a scroll of blinking {unknown}
 s - a scroll of immolation {unknown}
 y - a scroll of vulnerability {unknown}
Potions
 k - 3 potions of flight
 m - a potion of mutation
 o - a potion of might


   Skills:
 - Level 8.0 Fighting
 - Level 4.9 Short Blades
 - Level 7.0 Armour
 - Level 4.7 Dodging
 - Level 10.2 Unarmed Combat
 + Level 8.3 Invocations


You had 10 spell levels left.
You didn't know any spells.
Your spell library contained the following spells:

 Spells                   Type           Power      Damage    Failure   Level
 Animate Skeleton         Necr           0%         N/A       98%         1
 Apportation              Tloc           0%         N/A       98%         1
 Corona                   Hex            0%         N/A       98%         1
 Magic Dart               Conj           0%         1d3       98%         1
 Summon Small Mammal      Summ           0%         N/A       98%         1
 Blink                    Tloc           N/A        N/A       99%         2
 Call Imp                 Summ           0%         N/A       99%         2
 Ensorcelled Hibernation  Hex/Ice        0%         N/A       99%         2
 Slow                     Hex            0%         N/A       99%         2
 Confusing Touch          Hex            0%         N/A       100%        3
 Conjure Flame            Conj/Fire      0%         6-21      100%        3
 Dazzling Flash           Conj/Hex       0%         N/A       100%        3
 Mephitic Cloud           Conj/Pois/Air  0%         N/A       100%        3
 Tukima's Dance           Hex            0%         N/A       100%        3


Dungeon Overview and Level Annotations

Branches:
Dungeon (9/15)             Temple (0/1) D:6            Lair (1/6) D:9
    Orc: D:9-12

Altars:
Ashenzari
Elyvilon
Fedhas
Gozag
Nemelex Xobeh
Qazlal
Ru
Trog
Uskayaw
Vehumet
Xom

Shops:
D:1 [   D:2 (   D:3 [   D:7 (

Annotations:
D:8 3 runed translucent doors, funkygono's ghost, novice DjFE


Innate Abilities, Weirdness & Mutations

You have claws for hands.
You are completely covered in slimy green scales. (AC +4, rPois)
You have an increased reservoir of magic. (+10% MP)
You are robust. (+10% HP)


Message History

You feel sick.
You hear an angry buzzing noise.
The killer bee stings you!
* * * LOW HITPOINT WARNING * * *
The killer bee rages. x2
The killer bee stings you but does no damage.
The killer bee barely misses you.
You hear an angry buzzing noise. x3
It was a potion of mutation.
You feel extremely strange.
You feel more energetic.
You feel robust.
You feel sick.
The killer bee stings you but does no damage. x3
You hear an angry buzzing noise.
You barely miss the killer bee.
You feel sick.
You hear an angry buzzing noise. x2
The killer bee completely misses you. The killer bee barely misses you.
The killer bee stings you.
* * * LOW HITPOINT WARNING * * *
You are more poisoned.
The killer bee poisons you!
It was a potion of brilliance.
You feel clever all of a sudden.
You feel very sick.
The killer bee rages.
The killer bee stings you but does no damage.
The killer bee stings you!
* * * LOW HITPOINT WARNING * * *
The killer bee stings you but does no damage.
It was a potion of cancellation.
Your magical effects are unravelling.
You feel magically purged.
You feel a little less mighty now.
You feel a little less clever now.
* * * LOW HITPOINT WARNING * * *
You feel sick.
The killer bee stings you but does no damage. x2
Press: ? - help, Shift-Dir - straight line, f - queen bee
Aim: a queen bee (chance to affect: 85%)
The queen bee is devoured by a tear in reality.
Lugonu claims a new guest.
You die...

....#.... ... .. #....# #...#...#
...# ...#.#.. #.......# ...#..#
#...#.#.# #?......#
...#P.........#.# #.....P..
...#....#.#.#...# #y....#.#
......#.#.#.#...## #.....# .
......#...#.#....# #.....#≈≈
......P.P.#.....@########y.......
..........#.....#§y.#.....#....≈≈
............#...#yy...........#..
............#...#.............#..
............#...#.........#.#.#
......#.........#.........#.#.#
......#.........#.P.......... #
......#.....#.........#^#...#.
#†....................#...#....


You could see 3 killer bees.

Vanquished Creatures
  Erica (D:9)
  A two-headed ogre (D:9)
  Pikel (D:6)
  A cyclops (D:8)
  2 cane toads
  Maggie (Lair:1)
  A komodo dragon (D:8)
  A hornet (D:9)
  A shadow (D:7)
  A wraith (D:8)
  Edmund (D:5)
  An acid dragon (D:8)
  3 water moccasins
  A black bear (D:5)
  2 orc warriors (D:9)
  2 sky beasts
  4 ice beasts
  3 ogres
  7 centaurs
  A necrophage (D:5)
  11 wolves (Lair:1)
  2 lemures (D:6)
  A gnoll sergeant (D:6)
  Blork the orc (D:6)
  9 bullfrogs
  2 kobold brigands
  3 scorpions (D:5)
  A water moccasin zombie (D:5)
  13 killer bees
  A water moccasin skeleton (D:4)
  13 wights
  2 howler monkeys
  A bullfrog zombie (D:6)
  4 jellies
  3 centaur zombies
  A gnoll shaman (D:9)
  8 orc priests
  2 centaur skeletons (D:7)
  An iguana (D:6)
  7 orc wizards
  3 killer bee zombies
  7 adders
  8 gnolls
  A howler monkey skeleton (D:7)
  3 river rats (D:6)
  A white imp (D:7)
  An ufetubus (D:6)
  An adder skeleton (D:4)
  An adder zombie (D:5)
  2 worms
  2 dart slugs
  40 orcs
  8 ball pythons
  8 endoplasms
  4 giant cockroaches
  8 goblins
  5 hobgoblins
  10 jackals
  9 kobolds
  3 quokkas (D:2)
  2 bats
  4 frilled lizards
  7 rats
260 creatures vanquished.

Vanquished Creatures (others)
  11 fungi (D:9)
  9 plants
20 creatures vanquished.

Grand Total: 280 creatures vanquished

Notes
Turn   | Place    | Note
-------+----------+-------------------------------------------
     0 | Abyss:1  | polve the Demonspawn Abyssal Knight began the quest for the
                  | Orb.
     0 | Abyss:1  | Reached XP level 1. HP: 18/18 MP: 2/2
    54 | Abyss:1  | Noticed a small abomination
    56 | D:1      | Escaped the Abyss
   534 | D:1      | Gained mutation: You have sharp fingernails. [demonic
                  | ancestry]
   534 | D:1      | Reached XP level 2. HP: 24/24 MP: 3/3
   548 | D:1      | Reached * piety under Lugonu
   663 | D:1      | Found Cuifack's Armour Emporium.
  1239 | D:2      | Reached XP level 3. HP: 29/29 MP: 4/4
  1914 | D:2      | Found Hiepeuq's Weapon Emporium.
  2390 | D:2      | Found a faded altar of an unknown god.
  2502 | D:2      | Gained mutation: You have very sharp fingernails. [demonic
                  | ancestry]
  2502 | D:2      | Reached XP level 4. HP: 31/35 MP: 5/5
  3156 | D:3      | Reached ** piety under Lugonu
  3261 | D:3      | Gained mutation: You have claws for hands. [demonic
                  | ancestry]
  3261 | D:3      | Reached XP level 5. HP: 17/41 MP: 6/6
  3449 | D:3      | Found a broken altar of Ashenzari.
  3662 | D:3      | Reached skill level 1 in Unarmed Combat
  3964 | D:3      | Found a sacrificial altar of Ru.
  4317 | D:3      | Found Qedyil's Armour Boutique.
  4370 | D:3      | Reached skill level 2 in Unarmed Combat
  5010 | D:4      | Reached XP level 6. HP: 47/47 MP: 7/7
  5094 | D:4      | Reached skill level 3 in Unarmed Combat
  5283 | D:4      | Found a bloodstained altar of Trog.
  5800 | D:5      | Entered Level 5 of the Dungeon
  5806 | D:5      | Found a hide-covered altar of Uskayaw.
  5842 | D:5      | Reached skill level 4 in Unarmed Combat
  5865 | D:5      | Noticed a water moccasin
  5934 | D:5      | Gained mutation: You are partially covered in slimy green
                  | scales. (AC +2) [demonic ancestry]
  5934 | D:5      | Reached XP level 7. HP: 40/52 MP: 8/8
  6046 | D:5      | Reached skill level 5 in Unarmed Combat
  6299 | D:5      | Noticed Edmund
  6318 | D:5      | Reached skill level 6 in Unarmed Combat
  6324 | D:5      | Killed Edmund
  6416 | D:5      | Reached skill level 7 in Unarmed Combat
  6416 | D:5      | Reached XP level 8. HP: 35/58 MP: 9/9
  6719 | D:5      | Found a sparkling altar of Nemelex Xobeh.
  7329 | D:5      | Found an opulent altar of Gozag.
  7464 | D:6      | Found a staircase to the Ecumenical Temple.
  7473 | D:6      | Reached skill level 8 in Unarmed Combat
  8040 | D:6      | Reached skill level 9 in Unarmed Combat
  8298 | D:6      | Reached *** piety under Lugonu
  8523 | D:6      | Noticed Blork the orc
  8545 | D:6      | Gained mutation: You are mostly covered in slimy green
                  | scales. (AC +3) [demonic ancestry]
  8545 | D:6      | Reached XP level 9. HP: 63/63 MP: 10/10
  8564 | D:6      | Killed Blork the orc
  8589 | D:6      | Reached skill level 10 in Unarmed Combat
  8876 | D:6      | Noticed Pikel
  8889 | D:6      | Killed Pikel
  8890 | D:6      | Reached skill level 1 in Dodging
  9610 | D:7      | Reached skill level 5 in Fighting
  9731 | D:7      | Reached **** piety under Lugonu
  9930 | D:7      | Found a blossoming altar of Fedhas.
  9935 | D:7      | Found a stormy altar of Qazlal.
 10490 | D:7      | Found Heenur's Antique Weapon Emporium.
 10538 | D:7      | Reached XP level 10. HP: 64/76 MP: 11/11
 10836 | D:8      | Reached skill level 5 in Armour
 10866 | D:8      | Noticed a cyclops
 11284 | D:8      | Found a shimmering altar of Xom.
 11360 | D:8      | Killed a cyclops
 11481 | D:8      | Noticed funkygono's ghost (novice DjFE)
 11509 | D:8      | Found a runed translucent gate.
 11509 | D:8      | Found a runed translucent gate.
 11509 | D:8      | Found a runed translucent gate.
 11647 | D:8      | Identified the +1 robe "Upro" {*Slow rCorr Int+6}
 11919 | D:9      | Noticed Erica
 11938 | D:9      | Killed Erica
 12756 | D:9      | Found a radiant altar of Vehumet.
 12767 | D:9      | Noticed a two-headed ogre
 12781 | D:9      | Killed a two-headed ogre
 13009 | D:9      | Gained mutation: You are completely covered in slimy green
                  | scales. (AC +4, rPois) [demonic ancestry]
 13009 | D:9      | Reached XP level 11. HP: 69/86 MP: 13/13
 13495 | D:9      | Found a staircase to the Lair.
 13951 | Lair:1   | Entered Level 1 of the Lair of Beasts
 13953 | Lair:1   | Noticed Maggie
 13970 | D:9      | Reached skill level 5 in Invocations
 13997 | Lair:1   | Killed Maggie
 14291 | Lair:1   | Gained mutation: You have an increased reservoir of magic.
                  | (+10% MP) [potion of mutation]
 14291 | Lair:1   | Gained mutation: You are robust. (+10% HP) [potion of
                  | mutation]
 14293 | Lair:1   | HP: 1/94 [killer bee (8)]
 14295 | Lair:1   | Succumbed to a killer bee's poison

Illustrated notes

Levels and vault maps discovered:
D:1:      dpeg_arrival_solitude, layout_rooms, serial_shops,
          nicolae_shop_behind_doors, wad_floor_pattern_2,
          minmay_stone_trees_small
D:2:      layout_loops_corners, basic_ecumenical_altar, serial_shops,
          nicolae_shop_window_shopping, minmay_split_cup_large
D:3:      layout_basic, marbit_many_paths, nicolae_ru_awakened_eye,
          serial_shops, shop, wander_ebering_terrifying_dragon_lair
D:4:      layout_gridville, bloody_trog, kennysheep_generic_room_12
D:5:      layout_cave_pools, nemelex_diamond_rough_becter,
          nicolae_overflow_hidden_temple, uniq_edmund
D:6:      layout_gridville, minmay_temple_entry_grid, portal_sewer_entry_e,
          uniq_pikel, uniq_blork_the_orc
D:7:      minmay_skewed_foursquare, layout_gridville,
          grunt_temple_overflow_forces_of_nature, serial_shops, shop_statue
D:8:      layout_cave_pools, xom_teletrap_fun, gammafunk_ghost_icy,
          minmay_misc_feat_encased, minmay_pinched_square
D:9:      layout_stronghold, nicolae_vehumet_radiance,
          grunt_lair_entry_orc_guard_hut, minmay_starry_boxes, uniq_erica
Lair:1:   layout_long_grid, special_room [special_room_bee], serial_rivers,
          chequers_serial_rivers_micro_e, chequers_serial_rivers_micro_e,
          chequers_serial_rivers_micro_b, chequers_serial_rivers_room_a,
          chequers_serial_rivers_micro_d, portal_ice_cave_entry_pillars_1,
          minmay_lair_oklob_chamber, serial_bayou_shore_b, lemuel_fruit_fields,
          serial_bayou_shore_b, uniq_maggie

Skill      XL: |  1  2  3  4  5  6  7  8  9 10 11 |
---------------+----------------------------------+-----
Short Blades   | 2 3 4 |  4.9
Unarmed Combat | 2 4 7 9 10 | 10.2
Fighting       | 5 8 |  8.0
Armour         | 4 7 |  7.0
Dodging        | 3 4 |  4.7
Invocations    | 3 8 |  8.3

Action                   |  1- 3 |  4- 6 |  7- 9 | 10-12 || total
-------------------------+-------+-------+-------+-------++-------
Melee: Short sword       |   159 |   127 |       |       ||   286
       Unarmed           |       |    80 |   312 |   334 ||   726
       Punch             |       |     1 |     8 |     9 ||    18
Invok: Depart the Abyss  |     1 |       |       |       ||     1
       Bend Space        |       |       |     1 |       ||     1
       Banish            |       |       |       |     1 ||     1
  Use: Potion            |       |       |     2 |    15 ||    17
 Stab: Invisible         |       |       |       |     3 ||     3
Armor: Leather armour    |    28 |       |       |       ||    28
       Scale mail        |    39 |   108 |    75 |       ||   222
       Chain mail        |       |       |   100 |   101 ||   201
       Plate armour      |       |       |       |   153 ||   153
Dodge: Dodged            |    75 |    76 |   116 |   170 ||   437

Table legend: (Time is in decaauts)
 A = Elapsed time spent in this place.
 B = Non-inter-level travel time spent in this place.
 C = Inter-level travel time spent in this place.
 D = Time resting spent in this place.
 E = Time spent auto-exploring this place.
 F = Levels seen in this place.
 G = Mean time per level.
                   A        B        C        D        E       F      G
               +--------+--------+--------+--------+--------+-----+--------+
         Total |  14116 |  13490 |    626 |     17 |  11425 |  11 | 1283.3 |
       Dungeon |  13758 |  13132 |    626 |     17 |  11251 |   9 | 1528.7 |
          Lair |    301 |    301 |      0 |      0 |    120 |   1 |  301.0 |
         Abyss |     56 |     56 |      0 |      0 |     54 |   1 |   56.0 |
               +--------+--------+--------+--------+--------+-----+--------+

Top non-repeatable levels by time:
     D:3: 2275 daAuts
     D:9: 2029 daAuts
     D:2: 1832 daAuts
     D:6: 1750 daAuts
     D:7: 1712 daAuts
     D:5: 1315 daAuts
     D:4: 992 daAuts
     D:1: 982 daAuts
     D:8: 867 daAuts
  Lair:1: 301 daAuts
 Abyss:1: 56 daAuts
